 Dungeon Crawl Stone Soup version 0.21.1-1-g345015fe64 (webtiles) character file.

843 Hercules1031 the Skirmisher (level 7, -22/57 HPs)
             Began as a Pale Draconian Fighter on June 9, 2018.
             Was an Initiate of Makhleb.
             Killed by the enmity of Fedhas Madash (48 damage)
             ... on level 5 of the Dungeon.
             The game lasted 00:35:47 (5356 turns).

Hercules1031 the Skirmisher (DrFi)                  Turns: 5356, Time: 00:35:48

Health: -22/57     AC: 10    Str: 20    XL:     7   Next: 68%
Magic:  7/7        EV: 11    Int:  8    God:    Makhleb [......]
Gold:   326        SH: 12    Dex: 11    Spells: 6/6 levels left

rFire    . . .     SeeInvis .   a - +3 war axe
rCold    . . .     Gourm    .   b - +3 shield
rNeg     . . .     Faith    .   (armour unavailable)
rPois    .         Spirit   .   (helmet restricted)
rElec    .         Reflect  .   i - +2 cloak
rCorr    +         Harm     .   r - +0 pair of gloves
MR       .....                  (no boots)
Stlth    +.........             (no amulet)
HPRegen  0.19/turn              d - ring of resist corrosion
MPRegen  0.10/turn              (no ring)

@: no status effects
A: breathe steam, unfitting armour, reduced essence, cold-blooded, AC +6
a: Breathe Steam, Renounce Religion


You were on level 5 of the Dungeon.
You worshipped Makhleb.
Makhleb was noncommittal.
You were not hungry.

You visited 2 branches of the dungeon, and saw 6 of its levels.

You collected 326 gold pieces.

Inventory:

Hand Weapons
 a - a +3 war axe (weapon)
Armour
 b - a +3 shield (worn)
 i - a +2 cloak (worn)
 r - a +0 pair of gloves (worn)
Jewellery
 d - a ring of resist corrosion (left hand)
 q - an uncursed amulet of harm
Wands
 l - a wand of paralysis (14)
Scrolls
 e - 2 scrolls of blinking
 f - 2 scrolls of identify
 g - 6 scrolls of teleportation
 o - 2 scrolls of remove curse
Potions
 c - a potion of might
 j - a potion of agility {unknown}
 k - a potion of flight {unknown}
 m - a potion of haste {unknown}
 n - 2 potions of mutation {unknown}
 p - 3 potions of degeneration {unknown}
 w - a potion of invisibility {unknown}
Books
 u - a book of Callings

   Spells                             Type                      Level
   a - Summon Small Mammal            Summoning                    1
   b - Call Imp                       Summoning                    2
   c - Call Canine Familiar           Summoning                    3
   d - Summon Guardian Golem          Hexes/Summoning              3
   e - Summon Lightning Spire         Summoning/Air                4
   f - Summon Ice Beast               Ice/Summoning                4


   Skills:
 * Level 6.8 Fighting
 + Level 4.2 Axes
 + Level 4.4 Dodging
 + Level 4.9 Shields


You had 6 spell levels left.
You didn't know any spells.

Dungeon Overview and Level Annotations

Branches:
Dungeon (5/15)             Temple (1/1) D:4

Altars:
Ashenzari
Cheibriados
Fedhas
Gozag
Hepliaklqana
Makhleb
Qazlal
Sif Muna
Vehumet

Annotations:
D:5 exclusion: 3 oklob plants


Innate Abilities, Weirdness & Mutations

You can breathe blasts of scalding, opaque steam.
Your pale cyan-grey scales are hard. (AC +6)
You cannot fit into any form of body armour.
You are cold-blooded and may be slowed by cold attacks.
Your life essence is reduced to manifest your ancestor. (-10% HP)


Message History

Blink to where?
Press: ? - help, Dir - move target cursor You are very lightly contaminated with residual magic.
As you read the scroll of blinking, it crumbles to dust.
The oklob plant spits acid at you.
Fedhas protects a plant from harm.
The splash of acid hits you! You resist.
* * * LOW HITPOINT WARNING * * *
You are splashed with acid!
The acid burns!
You resist.
* * * LOW HITPOINT WARNING * * *
You enter a teleport trap!
The teleport trap disappears.
Your surroundings suddenly seem different.
You start resting.
Your magical contamination has completely faded away.
You start resting.
Fedhas invokes the elements against you.
There is a sudden and violent explosion of flames!
The fireball engulfs you!
Ouch! That really hurt!
You die...

#........####....#
#.........##.....##
#.......#.........#
#.......###........
######### #.......#
##....... #.......
##### #.......#
#@..# ###......##
#...# ##.########§
#...###..#.§.§§§#.
#........#§§§§§§#§
#........#..#.#.'§
#.......©#§§©...'§
#...###..#§§#.#.'.
#...# ####§.§§.§#.
#...# #..#§§§§§§#.


There were no monsters in sight!

Vanquished Creatures
  Grinder (D:3)
  3 wandering mushrooms (D:5)
  An ice beast (D:5)
  A sky beast (D:5)
  A phantom (D:5)
  A centaur (D:5)
  The ghost of Jens78 the Insei, an amateur OpTm (D:3)
  5 big kobolds (D:3)
  A scorpion (D:5)
  A howler monkey (D:5)
  A crimson imp (D:2)
  2 worker ants
  A hound skeleton (D:4)
  Robin (D:3)
  5 adders
  8 gnolls
  An ooze (D:3)
  An adder zombie (D:5)
  A dart slug (D:2)
  2 leopard geckos (D:3)
  3 orcs
  A ball python (D:2)
  7 bats
  4 giant cockroaches
  9 goblins
  6 hobgoblins
  8 frilled lizards
  46 kobolds
  A quokka zombie (D:5)
  9 rats
  5 ballistomycetes (D:5)
  A ballistomycete spore (D:5)
139 creatures vanquished.

Vanquished Creatures (others)
  An iguana (D:5)
  A ballistomycete spore (D:5)
2 creatures vanquished.

Grand Total: 141 creatures vanquished

Notes
Turn   | Place    | Note
-------+----------+-------------------------------------------
     0 | D:1      | Hercules1031 the Draconian Fighter began the quest for the Orb.
     0 | D:1      | Reached XP level 1. HP: 19/19 MP: 1/1
   193 | D:1      | Reached XP level 2. HP: 11/26 MP: 2/2
   759 | D:2      | Reached XP level 3. HP: 33/33 MP: 3/3
   781 | D:2      | Reached skill level 4 in Fighting
   885 | D:2      | Reached XP level 4. HP: 40/41 MP: 4/4
  1385 | D:2      | Found a radiant altar of Vehumet.
  1642 | D:3      | Noticed Jens78's ghost (amateur OpTm)
  1654 | D:3      | Killed Jens78's ghost
  1654 | D:3      | Reached XP level 5. HP: 25/47 MP: 5/5
  1832 | D:3      | Reached skill level 5 in Fighting
  1949 | D:3      | Reached XP level 6. HP: 48/56 MP: 6/6
  2112 | D:3      | Reached skill level 6 in Fighting
  2117 | D:3      | Your scales start taking on a pale cyan-grey colour.
  2117 | D:3      | Reached XP level 7. HP: 24/63 MP: 7/7
  2446 | D:3      | Noticed Robin
  2453 | D:3      | Killed Robin
  2467 | D:3      | Found a faded altar of an unknown god.
  2491 | D:3      | Became a worshipper of Fedhas Madash
  2491 | D:3      | Reached * piety under Fedhas
  2534 | D:3      | Found a hazy altar of Hepliaklqana.
  2535 | D:3      | Noticed Grinder
  2556 | D:3      | Paralysed by Grinder for 2 turns
  2559 | D:3      | Killed Grinder
  2565 | D:3      | Fell from the grace of Fedhas
  2565 | D:3      | Became a worshipper of Hepliaklqana the Forgotten
  2873 | D:4      | Found a staircase to the Ecumenical Temple.
  2878 | Temple   | Entered the Ecumenical Temple
  2927 | Temple   | Fell from the grace of Hepliaklqana
  2927 | Temple   | Became a worshipper of Makhleb the Destroyer
  3085 | D:4      | Found a shattered altar of Ashenzari.
  3248 | D:4      | Found a deep blue altar of Sif Muna.
  3423 | D:5      | Entered Level 5 of the Dungeon
  3522 | D:5      | Reached * piety under Makhleb
  4386 | D:5      | Found a transporter.
  4388 | D:5      | Noticed a fire bat
  4388 | D:5      | Noticed a fire bat
  4485 | D:5      | Found a transporter.
  5039 | D:5      | Noticed a wandering mushroom
  5039 | D:5      | Noticed a wandering mushroom
  5039 | D:5      | Noticed a wandering mushroom
  5039 | D:5      | Noticed a wandering mushroom
  5039 | D:5      | Noticed a wandering mushroom
  5045 | D:5      | Killed a wandering mushroom
  5242 | D:5      | Noticed an oklob plant
  5242 | D:5      | Noticed a wandering mushroom
  5242 | D:5      | Noticed a wandering mushroom
  5242 | D:5      | Noticed an oklob plant
  5242 | D:5      | Noticed an oklob plant
  5356 | D:5      | Killed by the enmity of Fedhas Madash

Skill      XL: |  1  2  3  4  5  6  7 |
---------------+----------------------+-----
Dodging        | 3 4 |  4.4
Fighting       | 4 5 6 |  6.8
Axes           | 3 4 |  4.2
Shields        | 4 |  4.9

Action                   |  1- 3 |  4- 6 |  7- 9 || total
-------------------------+-------+-------+-------++-------
Melee: War axe           |    80 |   130 |   160 ||   370
       Tailslap          |     6 |    16 |    28 ||    50
Invok: Ancestor Identity |       |       |     1 ||     1
 Abil: Breathe Steam     |       |       |     2 ||     2
  Use: Scroll            |     5 |     4 |    10 ||    19
       Potion            |       |     2 |     5 ||     7
  Eat: Ration            |       |     3 |     3 ||     6
Armor: Skin              |    40 |    59 |    68 ||   167
Dodge: Dodged            |    43 |    80 |    69 ||   192
Block: Shield            |    57 |   114 |   130 ||   301
